Map: Abyssal Reef LE

Players

Geeman

  • Race: Terran Terran
  • Spawn Location: 5:00

Juxtapose - Winner!

  • Race: Protoss Protoss
  • League: Gold
  • Spawn Location: 11:00

VOD

https://youtu.be/P0dc4whCHVA

Description

My opponent opens up with a strategy that I've never seen before, and I actually did a double take when those units first rolled up my ramp.

If I had gone for that Oracle instead of a Void Ray, I likely would have lost on his first push.

The resulting back and forth was a lot of fun.

Time

  • Played on: Aug. 14, 2017, 7:18 p.m.
  • Length: 9:11
Show
View Real Time Build Order
Export as new Build Order

Geeman Terran 

Build Orders: Cyclone Opening 

Get SALT Encoding   

  12  0:02  SCV  
  13  0:15  SCV  
  13  0:19  Supply Depot  
  14  0:27  SCV  
  15  0:32  Refinery  
  15  0:44  Barracks  
  15  0:50  SCV  
  16  0:58  Refinery  
  16  1:07  Supply Depot  
  16  1:11  SCV  
  17  1:36  Factory  
  17  1:40  Barracks Reactor  
  17  1:52  Orbital Command  
  17  2:27  Cyclone x2  
  23  2:32  Marine  
  24  2:44  Supply Depot  
  24  2:50  SCV  
  25  2:59  Cyclone  
  28  3:07  Cyclone  
  31  3:17  SCV  
  31  3:19  Supply Depot  
  32  3:20  Marine  
  33  3:33  Cyclone  
  36  3:35  SCV  
  37  3:48  SCV  
  37  3:52  Cyclone  
  41  4:22  Cyclone  
  41  4:52  Cyclone  
  41  4:54  Cyclone  
  31  5:14  Marine  
  32  5:24  Cyclone  
  32  5:25  SCV  
  32  5:26  Cyclone  
  39  5:56  Cyclone, Supply Depot  
  42  5:58  Cyclone  
  42  5:59  Supply Depot  
  42  6:03  Command Center  
  35  6:24  Marine  
  36  6:28  Cyclone  
  36  6:29  Refinery x2  
  36  6:30  Cyclone  
  42  6:42  Marine  
  43  6:47  SCV  
  44  6:59  SCV  
  44  7:00  Cyclone, Marine  
  49  7:16  Orbital Command  
  49  7:17  SCV  
  49  7:18  Marine  
  49  7:20  Cyclone  
  54  7:29  SCV  
  55  7:32  Cyclone  
  56  7:51  Marine  
  56  7:52  Cyclone  
  49  8:04  Cyclone  
  39  8:13  Barracks Reactor  
  38  8:24  Cyclone, SCV x2  
  43  8:36  SCV x2  
  43  8:37  Cyclone  
  48  8:44  Starport  
  44  8:48  SCV  
Show
View Real Time Build Order
Export as new Build Order

Juxtapose Protoss - Winner!

Build Orders:  

Get SALT Encoding   

  12  0:01  Probe (Chrono Boost)  
  13  0:12  Probe (Chrono Boost)  
  14  0:21  Pylon  
  14  0:23  Probe (Chrono Boost)  
  15  0:40  Probe (Chrono Boost)  
  15  0:42  Gateway  
  16  0:50  Probe (Chrono Boost)  
  17  0:58  Pylon  
  17  1:01  Probe (Chrono Boost)  
  17  1:03  Assimilator  
  18  1:11  Probe (Chrono Boost)  
  19  1:22  Probe (Chrono Boost)  
  21  1:32  Probe (Chrono Boost)  
  21  1:33  Cybernetics Core  
  21  1:37  Zealot  
  21  1:38  Pylon  
  23  1:43  Probe (Chrono Boost)  
  23  1:45  Assimilator  
  24  1:53  Probe (Chrono Boost)  
  25  2:01  Pylon  
  25  2:19  Mothership Core (Chrono Boost)  
  27  2:29  Warp Gate (Chrono Boost)  
  27  2:44  Nexus  
  27  2:48  Pylon  
  27  2:51  Pylon  
  27  2:56  Adept  
  27  2:57  Pylon  
  29  3:14  Stargate  
  29  3:18  Gateway  
  29  3:23  Adept  
  31  3:40  Gateway  
  31  3:45  Pylon  
  31  3:53  Adept  
  33  4:02  Void Ray (Chrono Boost)  
  37  4:05  Probe  
  29  4:27  Probe  
  30  4:38  Probe  
  28  4:39  Mothership Core  
  28  4:40  Zealot x2  
  31  5:06  Zealot  
  33  5:07  Zealot  
  33  5:08  Probe  
  36  5:15  Pylon  
  36  5:18  Probe  
  37  5:22  Cybernetics Core  
  37  5:24  Gateway  
  37  5:26  Gateway  
  37  5:29  Probe  
  38  5:40  Probe  
  39  5:44  Zealot  
  39  5:45  Zealot  
  43  5:50  Probe  
  44  5:59  Void Ray (Chrono Boost)  
  44  6:01  Probe  
  49  6:11  Probe  
  49  6:17  Zealot x2  
  52  6:22  Probe  
  53  6:26  Pylon  
  53  6:34  Probe, Forge  
  53  6:36  Void Ray (Chrono Boost)  
  58  6:45  Probe  
  59  6:52  Zealot x3  
  65  6:56  Probe  
  65  6:58  Zealot  
  68  7:05  Robotics Facility  
  68  7:06  Probe  
  69  7:16  Sentry x3  
  69  7:19  Probe  
  76  7:23  Assimilator  
  76  7:26  Assimilator  
  76  7:30  Probe  
  65  7:51  Probe  
  65  7:56  Void Ray (Chrono Boost)  
  65  7:57  Zealot x3  
  65  7:58  Zealot  
  74  8:02  Probe  
  75  8:12  Probe  
  76  8:21  Pylon  
  76  8:22  Zealot x3  
  76  8:23  Probe, Zealot  
  85  8:28  Twilight Council  
  85  8:33  Probe  
  90  8:44  Probe  
Tags
 
Add a new tag
Caveats
  • Supply blocks, unpowered buildings, or Contaminate may cause inaccurate times.
  • Supply counts are checked every 10 seconds.